 Dungeon Crawl Stone Soup version 0.29.1-12-g30fa7ad0bf (webtiles) character file.

Game seed: 14125963369767118326

14490 concernfroge the Basher (level 11, -4/90 HPs)
             Began as a Mummy Monk on Dec 24, 2022.
             Was an Initiate of Ashenzari.
             Killed from afar by an orc wizard (7 damage)
             ... with a magic dart
             ... on level 8 of the Dungeon.
             The game lasted 00:53:44 (13990 turns).

concernfroge the Basher (Mummy Monk)               Turns: 13990, Time: 00:53:45

Health: -4/90      AC: 31    Str: 19    XL:     11   Next: 89%
Magic:  11/11      EV:  6    Int:  9    God:    Ashenzari [......]
Gold:   189        SH:  5    Dex: 15    Spells: 10/10 levels left

rFire   . . .      SeeInvis +   z - +4 great mace (vorpal)
rCold   . . .      Faith    .   (shield currently unavailable)
rNeg    + + +      Spirit   .   m - +10 plate armour "Adversity of Ashenzari" {SInv, Range, Melee} (curse)
rPois   ∞          Reflect  +   (no helmet)
rElec   .          Harm     .   (no cloak)
rCorr   .          Rampage  .   u - +2 pair of gloves
Will    +....                   e - +1 pair of boots
Stlth   ..........              p - amulet of reflection
HPRegen 0.25/turn               c - +4 ring of protection
MPRegen 0.12/turn               f - ring of fire

@: no status effects
A: cold resistance 1, negative energy resistance 3, torment resistance 2, heat
vulnerability 1, in touch with death 1, no potions
a: Renounce Religion, Shatter the Chains


You were on level 8 of the Dungeon.
You worshipped Ashenzari.
Ashenzari was noncommittal.
You visited 2 branches of the dungeon, and saw 12 of its levels.

You collected 707 gold pieces.
You spent 518 gold pieces at shops.

Inventory:

Hand Weapons
 z - a +4 vorpal great mace (weapon)
Missiles
 d - 9 poisoned darts (quivered)
 g - 69 stones
 o - 3 silver boomerangs
 C - 2 curare-tipped darts
Armour
 e - a +1 pair of boots (worn)
 m - the cursed +10 plate armour "Adversity of Ashenzari" (worn) {SInv, Range, Melee}
   (You acquired it on level 5 of the Dungeon)

   SInv:      It lets you see invisible.
   It has a curse which improves the following skills: Ranged Combat: Ranged
   Weapons and Throwing.
   Melee Combat: Short Blades, Long Blades, Axes, Maces & Flails, Polearms,
   Staves and Unarmed Combat.
 u - a +2 pair of gloves (worn)
 v - a +0 buckler
Jewellery
 a - an amulet of the acrobat
 c - a +4 ring of protection (left hand)
 f - a ring of fire (right hand)
 p - an amulet of reflection (around neck)
 q - a +6 ring of dexterity
 w - a ring of resist corrosion
Wands
 r - a wand of flame (29)
 B - a wand of polymorph (1)
Scrolls
 b - a scroll of amnesia {unknown}
 h - a scroll of blinking
 j - a scroll of silence
 k - a scroll of teleportation
 l - 3 scrolls of immolation
 n - 5 scrolls of fog
 s - 2 scrolls of torment
 t - a scroll of poison
 x - 3 scrolls of noise
 y - 3 scrolls of enchant weapon {unknown}
Miscellaneous
 A - a box of beasts (inert)


   Skills:
 - Level 10.0 Fighting
 + Level 11.5(11.9) Maces & Flails
 - Level 2.4(2.8) Polearms
 + Level 4.7(5.1) Throwing
 + Level 4.7 Armour
 - Level 2.4 Dodging
 - Level 1.5 Stealth
 + Level 4.7 Evocations


You had 10 spell levels left.
You didn't know any spells.
Your spell library contained the following spells:

 Spells                   Type           Power      Damage    Failure   Level
 Apportation              Tloc           0%         N/A       100%        1
 Foxfire                  Conj/Fire      0%         2x1d4     100%        1
 Magic Dart               Conj           0%         1d3       100%        1
 Necrotise                Necr           0%         1d4       100%        1
 Summon Small Mammal      Summ           0%         N/A       100%        1
 Call Imp                 Summ           0%         N/A       100%        2
 Ensorcelled Hibernation  Hex/Ice        0%         N/A       100%        2
 Passwall                 Tmut/Erth      0%         N/A       100%        2
 Conjure Flame            Conj/Fire      0%         6-21      100%        3
 Frozen Ramparts          Ice            0%         1d1       100%        3
 Inner Flame              Hex/Fire       0%         N/A       100%        3
 Mephitic Cloud           Conj/Pois/Air  0%         N/A       100%        3
 Swiftness                Air            0%         N/A       100%        3
 Vampiric Draining        Necr           0%         2d6       100%        3
 Flame Wave               Conj/Fire      0%         2d4       100%        4
 Summon Ice Beast         Ice/Summ       0%         N/A       100%        4
 Agony                    Necr           0%         N/A       100%        5
 Ice Form                 Ice/Tmut       Unusable   N/A       N/A         4

Dungeon Overview and Level Annotations

Branches:
Dungeon (11/15)            Temple (1/1) D:5            Lair (0/5) D:10
    Orc (0/2) D:11

Altars:
Ashenzari
Cheibriados
Fedhas
Gozag
Hepliaklqana
Kikubaaqudgha
Makhleb
Nemelex Xobeh
Okawaru
Qazlal
Ru
Sif Muna
Trog
Uskayaw
Vehumet
Wu Jian
Xom
Yredelemnul
Jiyva

Shops:
D:1 ?:   D:5 *:   D:6 [   D:9 ?

Annotations:
D:4 1 runed translucent door, exclusion: door, ZoeForever1's ghost, amateur HuNe
D:8 1 runed translucent door, exclusion: door, Smersh616's ghost, journeyman OpDe
D:10 3 runed translucent doors, exclusion: 3 doors, Chibi's ghost, journeyman DrEn


Innate Abilities, Weirdness & Mutations

You are immune to poison.
Your flesh is cold resistant. (rC+)
You are immune to negative energy. (rN+++)
You are immune to unholy pain and torment.
You are vulnerable to heat. (rF-)
You are in touch with the powers of death.
You do not drink.


Message History

Aiming: Polymorph
Press: ? - help, Shift-Dir - straight line, f - two-headed ogre
Aim: a two-headed ogre, wielding two +0 giant clubs (moderately wounded, will become a water nymph, a mana viper, or a shock serpent, chance to affect: 43%)
The two-headed ogre evaporates and reforms as a shock serpent!
You block the shock serpent's attack.
Aiming: Polymorph
Press: ? - help, Shift-Dir - straight line, f/p - shock serpent
Aim: a shock serpent (will become a moth of wrath, a floating eye, or a glowing shapeshifter, chance to affect: 43%)
The shock serpent resists with some effort.
The shock serpent barely misses you.
The shock serpent shoots out a bolt of lightning at you!
The bolt of electricity hits you!
Okay, then.
As you read the scroll of fear, it crumbles to dust.
You assume a fearsome visage.
The shock serpent looks frightened!
A centaur warrior comes into view.
The centaur warrior shouts!
The centaur warrior wields a +0 shortbow.
The centaur warrior shoots an arrow.
You reflect the arrow off an invisible shield around you!
The arrow completely misses the centaur warrior.
The centaur warrior shoots an arrow.
The arrow hits you.
As you read the scroll of teleportation, it crumbles to dust.
You feel strangely unstable.
The centaur warrior shoots an arrow.
The arrow hits you!
* * * LOW HITPOINT WARNING * * *
The centaur warrior shoots an arrow.
The arrow hits you but does no damage.
The centaur warrior shoots an arrow.
The arrow hits you!!
* * * LOW HITPOINT WARNING * * *
Blink to where?
Press: ? - help, Dir - move target, p - shock serpent
As you read the scroll of blinking, it crumbles to dust.
Your surroundings suddenly seem different.
The brown ugly thing gurgles horribly!
An orc wizard comes into view. It is wielding a +0 dagger.
The orc wizard gestures at you while chanting.
The puff of flame hits you but does no damage.
The orc wizard casts a spell at you. The magic dart hits you!
You die...

#!.........# #...#.#....#.
#..........###.#.#.#....†.
#..o.........#...).#....##
#..........#...#...'....#
#..........###.#...#....#
#..........# #..#.......#
#)[[...)...# ##...#.....#
#..[.......# #####.##'##
#........@.# #.##.#
#.....!....# #..#.#
#..........#########.
#..................#
#########u.........#
#..........##..
#..........# ..##
#..........# #..#
#..........# #..##


You could see a brown ugly thing and an orc wizard.

Vanquished Creatures
  A boulder beetle (D:11)
  3 centaur warriors (D:8)
  A two-headed ogre (D:10)
  Pikel (D:4)
  A harpy (D:10)
  A manticore (D:11)
  An unseen horror (D:11)
  A kobold demonologist (D:9)
  Psyche (D:8)
  A hornet (D:9)
  3 trolls (D:11)
  5 wyverns
  A vampire (D:10)
  A shadow (D:9)
  2 wraiths
  16 yaks
  A steam dragon (D:7)
  4 vampire mosquitoes (D:11)
  A water moccasin (D:6)
  3 orc warriors
  A sky beast (D:6)
  A black bear (D:6)
  An ice beast (Temple)
  8 centaurs
  A phantom (D:5)
  A kobold brigand (D:9)
  Blork the orc (D:5)
  A necrophage (D:7)
  2 gnoll sergeants
  A scorpion (D:5)
  6 bullfrogs
  16 wights
  A killer bee (D:8)
  6 howler monkeys
  3 jellies
  2 quasits (D:10)
  4 hounds
  7 orc priests
  3 iguanas
  14 orc wizards
  4 gnolls (D:6)
  7 adders
  3 shadow imps (D:5)
  3 white imps
  2 worms
  41 orcs
  4 endoplasms
  2 giant cockroaches
  11 goblins
  3 hobgoblins
  12 jackals
  4 quokkas
  5 ball pythons
  3 bats
  2 frilled lizards (D:2)
  8 kobolds
  4 rats
247 creatures vanquished.

Vanquished Creatures (collateral kills)
  A ball python (D:4)
  An endoplasm (D:4)
  A kobold (D:4)
3 creatures vanquished.

Vanquished Creatures (others)
  An orc wizard (D:9)
  A demonic plant (D:10)
2 creatures vanquished.

Grand Total: 252 creatures vanquished

Notes
Turn   | Place    | Note
-------+----------+-------------------------------------------
     0 | D:1      | concernfroge the Mummy Monk began the quest for the Orb.
     0 | D:1      | Reached XP level 1. HP: 18/18 MP: 1/1
   194 | D:1      | Found Tasawn's Vocational Training.
   374 | D:1      | Reached XP level 2. HP: 24/24 MP: 2/2
   649 | D:1      | Found Kuifyats's Magic Scroll Shop.
   654 | D:1      | Bought a scroll of identify for 26 gold pieces
  1261 | D:2      | Gained mutation: You are in touch with the powers of death.
                  | [Mummy growth]
  1261 | D:2      | Reached XP level 3. HP: 30/30 MP: 3/3
  1688 | D:2      | Noticed an ogre
  2516 | D:3      | Reached skill level 5 in Fighting
  2516 | D:3      | Reached XP level 4. HP: 39/39 MP: 4/4
  3398 | D:4      | Reached XP level 5. HP: 46/46 MP: 5/5
  3405 | D:4      | Noticed a lemure
  3482 | D:4      | Noticed Pikel
  3483 | D:4      | Noticed a lemure
  3486 | D:4      | Noticed a lemure
  3487 | D:4      | Noticed a lemure
  3496 | D:4      | Killed Pikel
  3497 | D:4      | Reached XP level 6. HP: 34/57 MP: 6/6
  3497 | D:4      | Reached XP level 7. HP: 38/63 MP: 7/7
  3503 | D:4      | Found a runed translucent door.
  3760 | D:4      | Noticed ZoeForever1's ghost (amateur HuNe)
  3827 | D:4      | Identified the +1 leather armour "Haemoty" {rN+ Int-2
                  | Slay+5 SInv}
  3873 | D:4      | Noticed a yak
  4294 | D:4      | Found a burning altar of Makhleb.
  4294 | D:4      | Noticed a blizzard demon
  4297 | D:4      | Noticed a neqoxec
  4297 | D:4      | Noticed a neqoxec
  4450 | D:5      | Entered Level 5 of the Dungeon
  4827 | D:5      | Found a staircase to the Ecumenical Temple.
  4833 | Temple   | Entered the Ecumenical Temple
  4982 | Temple   | Became a worshipper of Ashenzari the Shackled
  5135 | Temple   | Reached XP level 8. HP: 60/72 MP: 8/8
  5214 | D:5      | Reached skill level 10 in Fighting
  5383 | D:5      | Reached skill level 1 in Throwing
  5534 | D:5      | Noticed Blork the orc
  5542 | D:5      | Killed Blork the orc
  5728 | D:5      | Found Zuky's Assorted Antiques.
  5731 | D:5      | Bought a scroll labelled ZEFOTW POIRYUREY for 21 gold
                  | pieces
  5731 | D:5      | Identified a scroll of acquirement
  5732 | D:5      | Bought a scroll of identify for 42 gold pieces
  5747 | D:5      | Acquired the +10 plate armour of Action {SInv}
  5826 | D:5      | Found Bugg's Book Shoppe.
  6196 | D:6      | Found Riav Cus's Antique Armour Emporium.
  6204 | D:6      | Bought a pair of embroidered gloves for 172 gold pieces
  6380 | D:6      | Reached skill level 1 in Maces & Flails
  6543 | D:6      | Reached skill level 2 in Maces & Flails
  6572 | D:6      | Reached skill level 3 in Maces & Flails
  6710 | D:6      | Found a hide-covered altar of Uskayaw.
  6811 | D:6      | Reached XP level 9. HP: 24/78 MP: 9/9
  7450 | D:7      | Reached skill level 4 in Maces & Flails
  7801 | D:7      | Reached skill level 5 in Maces & Flails
  8280 | D:7      | Reached skill level 6 in Maces & Flails
  8981 | D:7      | Acquired a +4 vorpal great mace
  9142 | D:1      | Bought a scroll of identify for 26 gold pieces
  9142 | D:1      | Bought a scroll of teleportation for 39 gold pieces
  9142 | D:1      | Bought a scroll of teleportation for 39 gold pieces
  9142 | D:1      | Bought a scroll of blinking for 97 gold pieces
  9289 | D:8      | Noticed Psyche
  9312 | D:8      | Found a runed translucent door.
  9313 | D:8      | Noticed Smersh616's ghost (journeyman OpDe)
  9333 | D:8      | Reached skill level 7 in Maces & Flails
  9333 | D:8      | Reached skill level 1 in Armour
  9333 | D:8      | Reached skill level 1 in Evocations
  9489 | D:8      | Reached XP level 10. HP: 82/85 MP: 10/10
  9920 | D:8      | Noticed a centaur warrior
 10432 | D:8      | Noticed a centaur warrior
 10435 | D:8      | Noticed a centaur warrior
 10443 | D:8      | Killed a centaur warrior
 10452 | D:8      | Killed a centaur warrior
 10453 | D:8      | Reached skill level 8 in Maces & Flails
 10520 | D:8      | Noticed a two-headed ogre
 10541 | D:8      | Noticed a brown ugly thing
 11191 | D:9      | Reached skill level 9 in Maces & Flails
 11251 | D:9      | Reached XP level 11. HP: 72/90 MP: 11/11
 11510 | D:9      | Found Musaops's Magic Scroll Emporium.
 11513 | D:9      | Bought a scroll of identify for 28 gold pieces
 11513 | D:9      | Bought a scroll of identify for 28 gold pieces
 11664 | D:10     | Entered Level 10 of the Dungeon
 11757 | D:10     | Noticed a two-headed ogre
 11774 | D:10     | Killed a two-headed ogre
 11962 | D:10     | Noticed a two-headed ogre
 12058 | D:11     | Noticed a boulder beetle
 12080 | D:11     | Killed a boulder beetle
 12081 | D:11     | Reached skill level 10 in Maces & Flails
 12428 | D:11     | Reached skill level 11 in Maces & Flails
 12590 | D:11     | Found a staircase to the Orcish Mines.
 12652 | D:11     | Identified the +1 robe of Bereguos {Drain rF++ Str+4 Dex-4}
 12983 | D:10     | Noticed a harpy
 12983 | D:10     | a two-headed ogre changed into a harpy
 12986 | D:10     | Killed a harpy
 13096 | D:10     | Found a staircase to the Lair.
 13393 | D:10     | Found a runed translucent gate.
 13393 | D:10     | Found a runed translucent gate.
 13393 | D:10     | Found a runed translucent gate.
 13394 | D:10     | Noticed Chibi's ghost (journeyman DrEn)
 13394 | D:10     | Noticed a glowing orange brain
 13769 | D:10     | Found a viscous altar of Jiyva.
 13887 | D:8      | Killed Psyche
 13955 | D:8      | Noticed a centaur warrior
 13971 | D:8      | Killed a centaur warrior
 13972 | D:8      | Noticed a shock serpent
 13972 | D:8      | a two-headed ogre changed into a shock serpent
 13976 | D:8      | Noticed a centaur warrior
 13983 | D:8      | HP: 1/90 [centaur warrior/arrow (18)]
 13990 | D:8      | Killed from afar by an orc wizard

Illustrated notes

Levels and vault maps discovered:
D:1:      scummos_arrival_gate, layout_basic, serial_shops, nicolae_shop_trees,
          nicolae_shop_vocational
D:2:      layout_loops_corners
D:3:      layout_rooms
D:4:      layout_basic, makhleb_altar_promises_db, ebering_ghost_inner_flame,
          serial_bayou_pond_a, uniq_pikel
D:5:      layout_cave_pods, minmay_temple_entry_butterflies, serial_shops,
          kennysheep_mini_moat, nicolae_take_the_stairs, grunt_tough_drop,
          uniq_blork_the_orc
D:6:      layout_basic, nicolae_overflow_hidden_temple, serial_shops,
          nicolae_shop_hallway_plus
D:7:      layout_loops_corners, chequers_serial_rivers_micro_c,
          kennysheep_nondescript
D:8:      hangedman_cross_veins, layout_basic, ebering_ghost_reflecting_pool,
          uniq_psyche
D:9:      layout_basic, serial_shops, shop, st_stairs_6, grunt_ministairs_10
D:10:     layout_gridville, lair_entry_dummy, gammafunk_ghost_ooze,
          serial_demonic, serial_demonic_b, serial_demonic_c, serial_demonic_f,
          serial_demonic_b, st_stairs_2
D:11:     layout_loops_ring, orc_0_dummy
Temple:   minmay_crystal_spiral_temple

Skill      XL: |  1  2  3  4  5  6  7  8  9 10 11 |
---------------+----------------------------------+-----
Fighting       | 4 5 8 9 10 | 10.0
Throwing       | 4 |  4.7
Maces & Flails | 3 7 9 11 | 11.5
Armour         | 2 4 |  4.7
Evocations     | 2 4 |  4.7
Polearms       | |  2.4
Dodging        | |  2.4
Stealth        | |  1.5

Action                   |  1- 3 |  4- 6 |  7- 9 | 10-12 || total
-------------------------+-------+-------+-------+-------++-------
Melee: Spear             |   167 |   124 |    21 |       ||   312
       Punch             |     5 |     3 |     3 |       ||    11
       Whip              |       |       |   399 |       ||   399
       Great mace        |       |       |    26 |   341 ||   367
Throw: Stone             |     3 |     4 |    33 |       ||    40
       Dart              |       |       |    18 |    31 ||    49
Invok: Curse Item        |       |       |       |     1 ||     1
Evoke: Wand              |       |       |       |     7 ||     7
       Box of beasts     |       |       |       |     1 ||     1
  Use: Scroll            |     4 |     4 |    11 |     8 ||    27
 Stab: Sleeping          |     2 |       |       |       ||     2
       Distracted        |       |     2 |       |     1 ||     3
Armor: Robe              |    15 |       |       |       ||    15
       Ring mail         |    87 |    44 |     7 |       ||   138
       Leather armour    |       |       |    23 |       ||    23
       Plate armour      |       |       |   266 |   371 ||   637
Dodge: Dodged            |   122 |    61 |   160 |   131 ||   474
Block: Buckler           |       |       |    27 |       ||    27
       Other             |       |       |       |    51 ||    51
       Reflection        |       |       |       |     2 ||     2
